 Dungeon Crawl Stone Soup version 0.24.0-37-gcf1ca852f1 (webtiles) character file.

Game seed: 12962317672729646427, levelgen mode: deterministic

189054 Peloso the Hoplite (level 17, 0/154 HPs)
             Began as a Minotaur Fighter on Dec 7, 2019.
             Was the Champion of Okawaru.
             Drowned by a drowned soul (16 damage)
             ... summoned by a merfolk avatar
             ... on level 4 of the Shoals.
             The game lasted 02:05:09 (41555 turns).

Peloso the Hoplite (Minotaur Fighter)              Turns: 41555, Time: 02:05:10

Health: 0/154      AC: 33    Str: 29    XL:     17   Next: 49%
Magic:  17/17      EV: 13    Int:  6    God:    Okawaru [******]
Gold:   1525       SH: 32    Dex: 24    Spells: 16/16 levels left

rFire    . . .     SeeInvis .   a - +4 falchion "Ewneleps" {venom, Str+4 Int+6 Stlth+}
rCold    . . .     Gourm    .   c - +2 large shield {rC+}
rNeg     + + .     Faith    .   q - +1 plate armour of the Zebra {Int-2 Dex+2 Stlth+} (curse)
rPois    +         Spirit   .   l - +2 hat
rElec    +         Reflect  +   L - +1 cloak of Monotheism {rElec Int-3 Dex+4}
rCorr    +         Harm     .   m - +0 pair of gloves of the Great Game {rC- Int+2 Dex+5 Stlth+} (curse)
MR       +....                  H - +2 pair of boots of the Villain {+Inv rPois rN+ Int-2}
Stlth    +.........             Q - +3 amulet of reflection
HPRegen  0.35/turn              I - ring "Saalisyi" {rN+ AC+5}
MPRegen  0.15/turn              K - ring of resist corrosion

@: mesmerised, slowed, very slow
A: retaliatory headbutt, horns 2
}: 1/15 runes: gossamer
a: Heroism, Finesse, Renounce Religion, Evoke Invisibility


You were on level 4 of the Shoals.
You worshipped Okawaru.
Okawaru was exalted by your worship.
You were hungry.

You visited 6 branches of the dungeon, and saw 32 of its levels.
You also visited: Bailey and Ice Cave.

You collected 4114 gold pieces.
You spent 2589 gold pieces at shops.

Inventory:

Hand Weapons
 a - the +4 falchion "Ewneleps" (weapon) {venom, Str+4 Int+6 Stlth+}
   (You bought it in a shop on level 8 of the Dungeon)

   It poisons the flesh of those it strikes.
   It affects your strength (+4).
   It affects your intelligence (+6).
   It makes you more stealthy.
 b - a +0 double sword
 w - a +0 long sword of slicing
 U - the +0 short sword of the Extremely Mad {flame, Int+6 SInv}
   (You found it in an ice cave)

   It has been specially enchanted to burn those struck by it, causing extra
   injury to most foes and up to half again as much damage against particularly
   susceptible opponents.
   It affects your intelligence (+6).
   It lets you see invisible.
Armour
 c - a +2 large shield of cold resistance (worn)
 l - a +2 hat (worn)
 m - the cursed +0 pair of gloves of the Great Game (worn) {rC- Int+2 Dex+5 Stlth+}
   (You bought it in a shop on level 1 of the Shoals)

   It affects your intelligence (+2).
   It affects your dexterity (+5).
   It makes you vulnerable to cold.
   It makes you more stealthy.
   It has a curse placed upon it.
 p - the +1 chain mail of the Barracuda {rC++ Int-2 Dex+2}
   (Okawaru gifted it to you on level 1 of the Spider Nest)

   It affects your intelligence (-2).
   It affects your dexterity (+2).
   It greatly protects you from cold.
 q - the cursed +1 plate armour of the Zebra (worn) {Int-2 Dex+2 Stlth+}
   (You bought it in a shop on level 1 of the Shoals)

   It affects your intelligence (-2).
   It affects your dexterity (+2).
   It makes you more stealthy.
   It has a curse placed upon it.
 H - the +2 pair of boots of the Villain (worn) {+Inv rPois rN+ Int-2}
   (You bought it in a shop on level 4 of the Dungeon)

   It affects your intelligence (-2).
   It protects you from poison.
   It protects you from negative energy.
   It lets you turn invisible.
 L - the +1 cloak of Monotheism (worn) {rElec Int-3 Dex+4}
   (Okawaru gifted it to you on level 15 of the Dungeon)

   It affects your intelligence (-3).
   It affects your dexterity (+4).
   It insulates you from electricity.
 O - a +0 cloak of magic resistance
Jewellery
 A - an uncursed amulet of the gourmand
 B - an uncursed ring of flight
 C - an uncursed ring of protection from magic
 I - the ring "Saalisyi" (left hand) {rN+ AC+5}
   (You found it on level 5 of the Lair of Beasts)

   [ring of protection]

   It affects your AC (+5).
   It protects you from negative energy.
 K - a ring of resist corrosion (right hand)
 Q - a +3 amulet of reflection (around neck)
Wands
 e - a wand of flame (21)
 n - a wand of digging (10)
 s - a wand of acid (5)
 N - a wand of enslavement (9)
 P - a wand of iceblast (10)
Scrolls
 g - a scroll of blinking
 i - 20 scrolls of remove curse
 t - 3 scrolls of noise
 v - 3 scrolls of identify
 y - 4 scrolls of magic mapping
 D - a scroll of fear
 E - 14 scrolls of teleportation
 J - a scroll of fog
Potions
 d - 4 potions of might
 h - a potion of ambrosia
 j - 10 potions of curing
 k - 3 potions of mutation
 o - 6 potions of agility
 r - 3 potions of haste
 u - 7 potions of heal wounds
 x - 7 potions of berserk rage
 z - 2 potions of invisibility {unknown}
 F - 2 potions of resistance {unknown}
 G - a potion of flight {unknown}
 M - 4 potions of cancellation {unknown}
 T - 4 potions of brilliance {unknown}
Comestibles
 f - 62 rations


   Skills:
 + Level 14.7 Fighting
 + Level 2.9(10.7) Short Blades
 + Level 16.5(16.6) Long Blades
 + Level 15.3 Armour
 + Level 6.4 Dodging
 + Level 1.6 Stealth
 + Level 23.2 Shields
 + Level 1.8 Invocations
 + Level 2.5 Evocations


You had 16 spell levels left.
You didn't know any spells.
Your spell library contained the following spells:

 Spells                   Type           Power        Failure   Level  Hunger
 Confusing Touch          Hex            #.....       98%         1    ##.....
 Freeze                   Ice            #...         98%         1    ##.....
 Magic Dart               Conj           #...         98%         1    ##.....
 Blink                    Tloc           N/A          99%         2    ###....
 Call Imp                 Summ           #.......     99%         2    ###....
 Corpse Rot               Necr           N/A          99%         2    ###....
 Slow                     Hex            #.......     99%         2    ###....
 Sublimation of Blood     Necr           #.........   99%         2    ###....
 Throw Frost              Conj/Ice       #.....       99%         2    ###....
 Call Canine Familiar     Summ           #.......     100%        3    ####...
 Confuse                  Hex            #.......     100%        3    ####...
 Conjure Flame            Conj/Fire      #.......     100%        3    ####...
 Gell's Gravitas          Tloc           #.........   100%        3    ####...
 Mephitic Cloud           Conj/Pois/Air  #.......     100%        3    ####...
 Ozocubu's Armour         Chrm/Ice       #.......     100%        3    ####...
 Summon Guardian Golem    Hex/Summ       #.......     100%        3    ####...
 Petrify                  Tmut/Erth      #.......     100%        4    #####..
 Summon Ice Beast         Ice/Summ       #.......     100%        4    #####..
 Throw Icicle             Conj/Ice       #.......     100%        4    #####..
 Agony                    Necr           #.......     100%        5    ######.
 Bolt of Draining         Conj/Necr      #.........   100%        5    ######.
 Dispel Undead            Necr           #.......     100%        5    ######.
 Excruciating Wounds      Chrm/Necr      #.........   100%        5    ######.
 Metabolic Englaciation   Hex/Ice        #.........   100%        5    ######.
 Summon Mana Viper        Hex/Summ       #.......     100%        5    ######.
 Yara's Violent Unravell  Hex/Tmut       #.........   100%        5    ######.


Dungeon Overview and Level Annotations

Branches:
Dungeon (15/15)            Temple (1/1) D:7            Lair (6/6) D:10
 Shoals (4/4) Lair:2       Spider (4/4) Lair:3        Slime (0/5) Lair:6
    Orc (2/2) D:12            Elf (0/3) Orc:2        Vaults (0/5) D:14
 Depths (0/5) D:15         Bailey (visited)           IceCv (visited)

Altars:
Ashenzari
Cheibriados
Dithmenos
Elyvilon
Fedhas
Gozag
Hepliaklqana
Kikubaaqudgha
Makhleb
Nemelex Xobeh
Okawaru
Qazlal
Ru
Sif Muna
Trog
Uskayaw
Vehumet
Wu Jian
Xom
Yredelemnul
Zin
The Shining One
Beogh

Shops:
D:4 *   D:5 *   D:7 (   D:8 *   Orc:1 =   Orc:2 %*}?(   Shoals:1 [*(**
Shoals:2 *   Shoals:3 [

Annotations:
D:10 1 runed translucent door, NeAGen181's ghost, journeyman DDNe
Shoals:3 3 runed translucent doors, fearitself's ghost, adept MiBe
Orc:2 2 runed translucent doors, FishyPogo's ghost, journeyman GnSk


Innate Abilities, Weirdness & Mutations

You reflexively headbutt those who attack you in melee.
You have a pair of horns on your head.


Message History

You block the drowned soul's attack.
Unknown command.
You barely miss the merfolk avatar. You headbutt the merfolk avatar!
The merfolk avatar is heavily wounded.
The merfolk avatar chants its luring song.
You block the drowned soul's attack.
Unknown command.
You closely miss the merfolk avatar.
Your headbutt misses the merfolk avatar.
The merfolk avatar is heavily wounded.
You are no longer glowing.
The merfolk avatar chants its luring song.
You block the drowned soul's attack. The drowned soul touches you.
The drowned soul drowns you!
* * * LOW HITPOINT WARNING * * *
You completely miss the merfolk avatar.
You headbutt the merfolk avatar, but do no damage.
The merfolk avatar is heavily wounded.
The drowned soul touches you. The drowned soul drowns you!
You die...

...... P##..PP#
....... P......##
.......##..≈≈≈≈P#
......PP...}...PP
......#P......##.≈
.....!##......P..≈
≈≈.....#PP..##P.≈≈
≈≈≈≈.........PPP≈≈
≈≈≈≈≈..@...P.P≈≈≈≈
≈≈≈≈≈≈≈mW≈≈≈≈≈≈≈≈≈
≈≈≈≈≈≈≈≈≈≈≈≈≈≈≈≈≈≈
≈≈≈≈≈≈≈≈≈≈≈≈≈≈≈≈≈≈
≈≈≈≈≈≈≈≈≈≈≈≈≈≈≈≈≈≈
##################


You could see a merfolk avatar and a drowned soul.

Vanquished Creatures
  Nikola (Shoals:3)
  A kraken (Shoals:1)
  5 ghost moths
  8 emperor scorpions
  A stone giant (Orc:1)
  2 entropy weavers
  A dire elephant (Lair:6)
  2 merfolk impalers
  Fannar (Lair:1)
  2 ice dragons (D:15)
  Harold (D:11)
  4 hydras
  2 catoblepae
  A centaur warrior (D:13)
  3 merfolk avatars
  A merfolk aquamancer (Shoals:1)
  An alligator snapping turtle (Shoals:2)
  16 two-headed ogres
  3 ogre magi
  5 death yaks (Lair:6)
  7 unseen horrors
  2 deep trolls (Orc:1)
  7 sea snakes
  5 harpies (Shoals:1)
  6 fauns
  17 orb spiders
  2 orc knights (Orc:1)
  8 manticores
  19 wolf spiders
  An orc sorcerer (Orc:1)
  3 cyclopes
  2 ugly things (IceCv)
  2 oklob plants (Lair:1)
  5 elephants (Lair:6)
  8 merfolk sirens
  6 water nymphs
  5 black mambas
  A moth of wrath (Spider:1)
  3 centaur zombies
  A gargoyle (D:12)
  2 ice statues (IceCv)
  6 centaur skeletons
  4 rime drakes
  3 kobold demonologists (D:14)
  12 spiny frogs
  2 freezing wraiths
  10 demonic crawlers
  12 komodo dragons
  4 wind drakes
  4 harpy zombies (Shoals:3)
  4 polar bears
  13 merfolk
  12 trolls
  22 jumping spiders
  14 hornets
  Grinder (D:4)
  11 slime creatures
  10 snapping turtles
  5 dream sheep (Lair:5)
  32 blink frogs
  A centaur simulacrum (D:15)
  7 hippogriffs
  A vampire (D:12)
  41 redbacks
  37 yaks
  25 tarantellas
  5 wyverns
  2 shadows
  3 hogs (D:9)
  A wraith (D:15)
  A human (D:9)
  A hungry ghost (D:6)
  A basilisk (D:15)
  A steam dragon (D:11)
  9 water elementals
  14 vampire mosquitoes
  4 swamp worms (Lair:2)
  3 wargs
  A soldier ant (D:10)
  3 acid dragons
  16 water moccasins
  Duvessa (D:6)
  7 porcupines
  28 orc warriors
  A necrophage (D:10)
  7 sky beasts
  2 phantoms
  9 black bears
  9 ice beasts
  22 ogres
  An eye of draining (D:9)
  A wolf (Orc:1)
  12 centaurs
  10 crocodiles
  22 bullfrogs
  9 big kobolds
  A hippogriff zombie (Shoals:3)
  9 gnoll sergeants
  3 scorpions
  3 wyvern skeletons (D:14)
  A water moccasin skeleton (D:11)
  Dowan (D:6)
  4 killer bees (D:9)
  12 wights
  10 electric eels
  3 crimson imps
  21 orc priests
  2 jellies
  6 hounds
  5 bullfrog skeletons
  34 orc wizards
  6 gnoll shamans (Bailey)
  9 worker ants
  3 iguanas
  2 hound zombies (D:9)
  A hound skeleton (D:6)
  Robin (D:2)
  11 adders
  34 gnolls
  3 shadow imps
  An ooze (D:2)
  4 worms
  6 dart slugs
  3 leopard geckos
  109 orcs
  A ball python (D:3)
  2 giant cockroaches
  14 hobgoblins
  5 jackals
  57 kobolds
  6 quokkas
  5 bats
  6 frilled lizards
  35 goblins
  A jackal skeleton (D:8)
  A quokka skeleton (D:4)
  4 rats
  2 butterflies
  A fungus (Lair:1)
  10 plants
  2 tentacles (Shoals:1)
1132 creatures vanquished.

Vanquished Creatures (others)
  An orb spider (Spider:4)
  2 fauns
  2 merfolk (Shoals:4)
  3 centaurs (Shoals:3)
  An orc (D:6)
  A kobold (D:6)
  A ball python (D:6)
  14 fungi
  39 plants
  8 tentacles (Shoals:1)
72 creatures vanquished.

Grand Total: 1204 creatures vanquished

Notes
Turn   | Place    | Note
-------+----------+-------------------------------------------
     0 | D:1      | Peloso the Minotaur Fighter began the quest for the Orb.
     0 | D:1      | Reached XP level 1. HP: 19/19 MP: 0/0
   114 | D:1      | Reached XP level 2. HP: 27/27 MP: 1/1
   257 | D:1      | Reached skill level 4 in Shields
   755 | D:2      | Reached XP level 3. HP: 33/33 MP: 2/2
   784 | D:2      | Found an ancient bone altar of Kikubaaqudgha.
  1139 | D:2      | Found a bloodstained altar of Trog.
  1152 | D:2      | Reached XP level 4. HP: 38/40 MP: 3/3
  1215 | D:2      | Noticed Robin
  1246 | D:2      | Killed Robin
  1578 | D:2      | Reached skill level 5 in Shields
  1983 | D:3      | Reached XP level 5. HP: 40/46 MP: 4/4
  1990 | D:3      | Reached skill level 1 in Dodging
  1998 | D:3      | Reached skill level 5 in Armour
  2220 | D:3      | Reached skill level 6 in Shields
  2220 | D:3      | Reached XP level 6. HP: 25/52 MP: 5/5
  2713 | D:3      | Found a shimmering blue altar of Sif Muna.
  3332 | D:4      | Found a sacrificial altar of Ru.
  3338 | D:4      | Noticed Grinder
  3347 | D:4      | Paralysed by Grinder for 2 turns
  3358 | D:4      | Paralysed by Grinder for 6 turns
  3366 | D:4      | Killed Grinder
  3366 | D:4      | Reached skill level 5 in Long Blades
  3366 | D:4      | Reached skill level 1 in Evocations
  3366 | D:4      | Reached XP level 7. HP: 44/60 MP: 6/6
  3407 | D:4      | Reached skill level 5 in Fighting
  3654 | D:4      | Found Vathod's Assorted Antiques.
  3787 | D:4      | Reached skill level 7 in Shields
  3798 | D:4      | Found a snail-covered altar of Cheibriados.
  3993 | D:5      | Entered Level 5 of the Dungeon
  4011 | D:5      | Reached XP level 8. HP: 70/70 MP: 8/8
  4132 | D:5      | Found a hazy altar of Hepliaklqana.
  4456 | D:5      | Found Zede's General Store.
  4463 | D:5      | Bought a scroll of magic mapping for 38 gold pieces
  4463 | D:5      | Bought a potion of heal wounds for 55 gold pieces
  4746 | D:5      | Found an ornate altar of the Wu Jian Council.
  5174 | D:6      | HP: 2/71 [electric eel/bolt of electricity (5)]
  5706 | D:6      | Noticed Duvessa
  5707 | D:6      | Noticed Dowan
  5913 | D:6      | Reached skill level 8 in Shields
  6103 | D:6      | Reached XP level 9. HP: 78/78 MP: 9/9
  6164 | D:6      | Killed Dowan
  6185 | D:6      | Killed Duvessa
  7507 | D:6      | Reached skill level 9 in Shields
  7906 | D:4      | Bought a pair of slimy boots for 266 gold pieces
  7921 | D:4      | Identified the +2 pair of boots of the Villain {+Inv rPois
                  | rN+ Int-2} (You bought it in a shop on level 4 of the
                  | Dungeon)
  8031 | D:7      | Found a staircase to the Ecumenical Temple.
  8060 | Temple   | Entered the Ecumenical Temple
  8174 | D:7      | Found a shadowy altar of Dithmenos.
  8193 | D:7      | Reached skill level 10 in Long Blades
  8215 | D:7      | Found a sparkling altar of Nemelex Xobeh.
  8423 | D:7      | Found Ofiofede's Antique Weapon Shoppe.
  8529 | D:7      | Reached XP level 10. HP: 40/86 MP: 10/10
  8857 | D:7      | Found an iron altar of Okawaru.
  8863 | D:7      | Became a worshipper of Warmaster Okawaru
  9067 | D:8      | Killed an unseen horror
  9067 | D:8      | Reached * piety under Okawaru
  9067 | D:8      | Reached skill level 10 in Shields
  9364 | D:8      | Found a hide-covered altar of Uskayaw.
  9443 | D:8      | Got an ichor-stained war axe
  9444 | D:8      | Identified the +5 war axe "Nottoif" {venom, Stlth+} (You
                  | found it on level 8 of the Dungeon)
  9489 | D:8      | Found a basalt altar of Yredelemnul.
  9751 | D:8      | Found Vusubidi's General Store.
  9786 | D:8      | Bought a scroll of magic mapping for 38 gold pieces
  9966 | D:8      | You fall into a shaft and drop 3 floors!
  9972 | D:11     | Noticed a two-headed ogre
  9980 | D:11     | Killed a two-headed ogre
 10004 | D:11     | Reached ** piety under Okawaru
 10013 | D:11     | Noticed Harold
 10032 | D:11     | Killed Harold
 10242 | D:11     | Noticed a cyclops
 10257 | D:11     | Killed a cyclops
 10257 | D:11     | Reached *** piety under Okawaru
 10257 | D:11     | Reached skill level 1 in Stealth
 10257 | D:11     | Reached skill level 11 in Shields
 10305 | D:11     | Reached XP level 11. HP: 79/94 MP: 11/11
 10394 | D:11     | Reached skill level 10 in Armour
 10569 | D:10     | Entered Level 10 of the Dungeon
 10576 | D:10     | Found a runed translucent door.
 10579 | D:10     | Noticed NeAGen181's ghost (journeyman DDNe)
 10579 | D:10     | Identified the +8 trident "Suuwnet" {elec, rN+ Str+5}
 10579 | D:10     | Noticed a spriggan rider
 10623 | D:10     | Reached **** piety under Okawaru
 10812 | D:10     | Found a staircase to the Lair.
 10977 | D:10     | Killed an unseen horror
 11022 | D:10     | Reached skill level 12 in Shields
 11201 | D:10     | Found a radiant altar of Vehumet.
 11342 | D:10     | Killed an unseen horror
 11429 | D:10     | Reached ***** piety under Okawaru
 11723 | D:10     | Killed an unseen horror
 11986 | D:9      | Noticed a two-headed ogre
 12267 | D:9      | Killed a two-headed ogre
 12552 | D:9      | Found an iron altar of Okawaru.
 12612 | D:9      | Reached XP level 12. HP: 51/105 MP: 12/12
 12983 | D:9      | Noticed a two-headed ogre
 12998 | D:9      | Killed a two-headed ogre
 13030 | D:9      | Received a gift from Okawaru
 13058 | D:9      | Reached skill level 13 in Shields
 13319 | D:9      | Found a burning altar of Makhleb.
 13904 | D:8      | Bought the +4 falchion "Ewneleps" {venom, Str+4 Int+6
                  | Stlth+} for 598 gold pieces
 14747 | D:12     | Found a staircase to the Orcish Mines.
 14772 | D:12     | Found a stormy altar of Qazlal.
 15100 | Lair:1   | Entered Level 1 of the Lair of Beasts
 15114 | Lair:1   | Reached skill level 10 in Fighting
 15205 | Lair:1   | Noticed Fannar
 15223 | Lair:1   | Killed Fannar
 15223 | Lair:1   | Received a gift from Okawaru
 15631 | Lair:1   | Reached skill level 14 in Shields
 16637 | Lair:2   | Found a staircase to the Shoals.
 16653 | Lair:2   | Reached XP level 13. HP: 114/114 MP: 13/13
 16928 | Lair:2   | Reached ****** piety under Okawaru
 17500 | Lair:3   | Received a gift from Okawaru
 17771 | Lair:3   | Found a hole to the Spider Nest.
 18432 | Lair:4   | Reached skill level 15 in Shields
 19416 | Lair:5   | Got a faintly glowing granite ring
 19419 | Lair:5   | Identified the ring "Saalisyi" {rN+ AC+5} (You found it on
                  | level 5 of the Lair of Beasts)
 19829 | Lair:5   | Reached skill level 16 in Shields
 19981 | Lair:5   | Identified a scroll of acquirement
 20249 | D:13     | Received a gift from Okawaru
 20254 | D:13     | Got a pitted longbow {god gift}
 20315 | D:13     | Got a bloodstained ring mail
 20326 | D:13     | Identified the +2 ring mail of Hairiness {+Blink rCorr}
                  | (You found it on level 13 of the Dungeon)
 20408 | D:13     | Reached skill level 1 in Short Blades
 20930 | Orc:1    | Entered Level 1 of the Orcish Mines
 20930 | Orc:1    | Found Hawkyac's Jewellery Shop.
 21002 | Orc:1    | Found a frozen archway.
 21050 | Orc:1    | Reached XP level 14. HP: 114/125 MP: 14/14
 21089 | IceCv    | Entered an ice cave
 21138 | IceCv    | Found a transporter.
 21154 | IceCv    | Got a dazzling war axe
 21163 | IceCv    | Lost intelligence.
 21163 | IceCv    | Identified the +6 war axe "Piecaycs" {protect, +Blink +Inv
                  | Int-3 SInv} (You found it in an ice cave)
 21196 | IceCv    | Found a transporter.
 21244 | IceCv    | Got an encrusted short sword
 21245 | IceCv    | Identified the cursed +0 short sword of the Extremely Mad
                  | {flame, Int+6 SInv} (You found it in an ice cave)
 21696 | Orc:1    | Found a roughly hewn altar of Beogh.
 21765 | Orc:2    | Entered Level 2 of the Orcish Mines
 21765 | Orc:2    | Found Wyxtur's Food Emporium.
 21765 | Orc:2    | Found Pemaliz's Gadget Shop.
 21765 | Orc:2    | Found Xent's Assorted Antiques.
 21777 | Orc:1    | Received a gift from Okawaru
 21792 | Orc:1    | Got a warped scale mail {god gift}
 21807 | Orc:1    | Identified the +9 scale mail "Kaghigh" {rC+ rCorr Slay-2}
                  | (Okawaru gifted it to you on level 1 of the Orcish Mines)
 22272 | Orc:1    | Reached skill level 1 in Invocations
 22425 | Orc:1    | Reached skill level 17 in Shields
 22432 | Orc:1    | Reached skill level 15 in Long Blades
 23871 | Orc:2    | Found Alut's Magic Scroll Boutique.
 23918 | Orc:2    | Bought a lumpy orange potion for 26 gold pieces
 23925 | Orc:2    | Bought a scroll of identify for 28 gold pieces
 23925 | Orc:2    | Bought a scroll of identify for 28 gold pieces
 24051 | Orc:2    | Found a staircase to the Elven Halls.
 24098 | Orc:2    | Found a large runed translucent door.
 24098 | Orc:2    | Found a large runed translucent door.
 24099 | Orc:2    | Noticed FishyPogo's ghost (journeyman GnSk)
 24120 | Orc:2    | Found Zacsuisi's Weapon Shoppe.
 24379 | Orc:1    | Noticed a stone giant
 24397 | Orc:1    | Killed a stone giant
 24756 | Orc:1    | Received a gift from Okawaru
 25047 | Lair:6   | Entered Level 6 of the Lair of Beasts
 25117 | Lair:6   | Reached skill level 18 in Shields
 25222 | Lair:6   | Reached skill level 5 in Dodging
 26235 | Lair:6   | Reached XP level 15. HP: 124/134 MP: 15/15
 26589 | Lair:6   | Found a staircase to the Slime Pits.
 26959 | Lair:6   | Got a translucent brass ring
 27475 | D:14     | Found a flagged portal.
 27490 | Bailey   | Entered a bailey
 28062 | D:14     | Found a gate to the Vaults.
 28225 | D:13     | Received a gift from Okawaru
 28241 | D:13     | Identified the ring of Tetoseq {rF+ Str+3 Int-5 Stlth+}
                  | (You found it on level 6 of the Lair of Beasts)
 28481 | D:14     | Lost intelligence.
 28675 | D:14     | Paralysed by an ogre mage for 7 turns
 28676 | D:14     | Reached skill level 19 in Shields
 29130 | D:15     | Entered Level 15 of the Dungeon
 29534 | D:15     | Received a gift from Okawaru
 29537 | D:15     | Got an ichor-stained cloak {god gift}
 29796 | D:15     | Identified the +1 cloak of Monotheism {rElec Int-3 Dex+4}
                  | (Okawaru gifted it to you on level 15 of the Dungeon)
 29918 | D:15     | Found a staircase to the Depths.
 30556 | Shoals:1 | Entered Level 1 of the Shoals
 31144 | Shoals:1 | Found Axeohin's Assorted Antiques.
 31198 | Shoals:1 | Bought a potion of mutation for 192 gold pieces
 31198 | Shoals:1 | Bought a pair of polished gloves for 228 gold pieces
 31198 | Shoals:1 | Bought a scroll of magic mapping for 84 gold pieces
 31213 | Shoals:1 | Identified the cursed +0 pair of gloves of the Great Game
                  | {rC- Int+2 Dex+5 Stlth+} (You bought it in a shop on level
                  | 1 of the Shoals)
 31299 | Spider:1 | Entered Level 1 of the Spider Nest
 31314 | Lair:3   | Reached skill level 20 in Shields
 32066 | Lair:3   | Reached XP level 16. HP: 141/145 MP: 16/16
 32262 | Spider:1 | Received a gift from Okawaru
 32273 | Spider:1 | Got a translucent chain mail {god gift}
 32314 | Spider:1 | Identified the +1 chain mail of the Barracuda {rC++ Int-2
                  | Dex+2} (Okawaru gifted it to you on level 1 of the Spider
                  | Nest)
 32380 | Spider:1 | Identified the Collected Works on Illusion
 33868 | Spider:3 | Reached skill level 21 in Shields
 34469 | Spider:4 | Entered Level 4 of the Spider Nest
 36886 | Spider:4 | Reached skill level 22 in Shields
 37025 | Spider:4 | Reached skill level 15 in Armour
 37196 | Spider:4 | Received a gift from Okawaru
 37738 | Spider:4 | Got a gossamer rune of Zot
 38034 | Shoals:1 | Found Punkok's Antique Armour Boutique.
 38058 | Shoals:1 | Bought a slimy plate armour for 1008 gold pieces
 38074 | Shoals:1 | Identified the cursed +1 plate armour of the Zebra {Int-2
                  | Dex+2 Stlth+} (You bought it in a shop on level 1 of the
                  | Shoals)
 38117 | Shoals:1 | Reached XP level 17. HP: 154/154 MP: 17/17
 38159 | Shoals:1 | Found Kieg's Antique Weapon Shoppe.
 38188 | Shoals:1 | Found Loppiexo's Assorted Antiques.
 38238 | Shoals:1 | Found Awooma's General Store.
 38337 | Shoals:1 | Noticed a kraken
 38363 | Shoals:1 | Killed a kraken
 38718 | Shoals:2 | Received a gift from Okawaru
 38740 | Shoals:2 | Lost intelligence.
 38794 | Shoals:2 | Found Sishrengere's Island Escapes.
 39610 | Shoals:3 | Found a runed translucent gate.
 39610 | Shoals:3 | Found a runed translucent gate.
 39611 | Shoals:3 | Found a runed translucent gate.
 39654 | Shoals:3 | Noticed fearitself's ghost (adept MiBe)
 40071 | Shoals:3 | Noticed Nikola
 40101 | Shoals:3 | Killed Nikola
 40101 | Shoals:3 | Reached skill level 23 in Shields
 40237 | Shoals:3 | Found Emijeh's Armour Shoppe.
 40829 | Shoals:4 | Entered Level 4 of the Shoals
 40833 | Shoals:4 | Received a gift from Okawaru
 41555 | Shoals:4 | Drowned by a drowned soul

Levels and vault maps discovered:
D:1:      lightli_arrival_flooded_house, layout_basic
D:2:      layout_basic, lemuel_crystal_altar, serial_glass, glass_columns_b,
          glass_columns_a, trog_book, uniq_robin
D:3:      layout_basic, led_sif_book, first_ration
D:4:      layout_loops_ring, hangedman_ru_absence, kennysheep_mini_moat,
          serial_shops, kennysheep_little_box, uniq_grinder
D:5:      layout_loops_ring, marbit_many_paths, overflow_temple_1_default,
          serial_shops, nicolae_shop_waterfront, minmay_misc_feat_roman,
          kennysheep_windowed_goal
D:6:      minmay_goblin_kobold_castle, layout_loops_ring, uniq_duvessa
D:7:      layout_cave_pools, nemelex_xobeh_ov_fountains_minmay,
          overflow_temple_1_default, minmay_temple_entry_stoned_glass,
          serial_shops, shop, okawaru_trees_2
D:8:      corexii_shantytown, layout_basic, eat_drink_and_be_merry_uskayaw,
          lemuel_doored_altar, serial_shops, shop
D:9:      layout_cross, lemuel_crystal_altar, lightli_temple_of_fire,
          grunt_livestock
D:10:     layout_stronghold, grunt_lair_entry_orc_guard_hut, basic_altar,
          ebering_ghost_funeral_grove
D:11:     layout_rooms, grunt_tough_drop, uniq_harold
D:12:     layout_cave_pools, orc_0_dummy, nicolae_qazlal_style_of_elements
D:13:     layout_roguey
D:14:     layout_loops_ring, david_vaults_2, enter_bailey_3,
          minmay_misc_feat_tower
D:15:     grunt_enter_depths_hoard, layout_loops_ring
Temple:   eino_temple_lava
Lair:1:   layout_long_grid, minmay_lair_oklob_chamber, lemuel_fruit_fields,
          uniq_fannar
Lair:2:   layout_long_grid, minmay_shoals_entry_centaurs, worms_lemuel
Lair:3:   layout_gridlike, spider_nest_entry_rubble,
          kennysheep_catoblepas_arena, lemuel_fruit_tree
Lair:4:   layout_roguey, grunt_megastairs_4, serial_bayou_shore_a,
          lemuel_fruit_fields
Lair:5:   layout_roguey, minmay_holes, infiniplex_staircase_pool_2
Lair:6:   gammafunk_lair_ancient_temple, layout_small_grid,
          dpeg_slime_entry_corner, serial_bayou_lagoon_b
Shoals:1: layout_shoals, serial_shops, shop, nicolae_shop_statue_plus, shop,
          shop_statue, shop
Shoals:2: layout_shoals, nicolae_island_escapes
Shoals:3: layout_shoals, serial_shops, nicolae_shop_trees,
          gammafunk_ghost_necromancy, nicolae_shoals_undead_eyrie, uniq_nikola
Shoals:4: shoals_end_grunt_garden, layout_shoals, uniq_bai_suzhen
Spider:1: layout_spider_delve
Spider:2: layout_spider_delve
Spider:3: layout_spider_delve, hangedman_spider_tarantella_strand
Spider:4: spider_rune_water, einodemon_crawler_minivault
Orc:1:    layout_diamond_mine, portal_ice_cave_entry_animals_and_master,
          serial_shops, shop, nicolae_orc_lost_temple
Orc:2:    st_orc_open, layout_caves, serial_shops, shop,
          ebering_ghost_disaster_area

Skill      XL: |  1  2  3  4  5  6  7  8  9 10 11 12 13 14 15 16 17 |
---------------+----------------------------------------------------+-----
Fighting       | 4 5 6 7 8 9 10 11 12 13 14 | 14.7
Shields        | 4 5 6 7 8 9 11 12 14 16 18 20 22 23 | 23.2
Armour         | 4 5 6 8 9 10 12 13 14 15 | 15.3
Long Blades    | 3 4 5 6 8 10 11 13 14 15 16 | 16.5
Dodging        | 1 2 3 4 5 6 |  6.4
Evocations     | 1 2 |  2.5
Stealth        | 1 |  1.6
Short Blades   | 1 2 |  2.9
Invocations    | 1 |  1.8

Action                   |  1- 3 |  4- 6 |  7- 9 | 10-12 | 13-15 | 16-18 || total
-------------------------+-------+-------+-------+-------+-------+-------++-------
Melee: Long sword        |    84 |   155 |   473 |   674 |       |       ||  1386
       Headbutt          |    12 |    26 |   101 |   301 |   655 |   588 ||  1683
       Falchion          |       |       |       |   378 |  1926 |  1395 ||  3699
       Dagger            |       |       |       |       |    15 |       ||    15
       Short sword       |       |       |       |       |    26 |       ||    26
Invok: Heroism           |       |       |       |     2 |     9 |     5 ||    16
       Finesse           |       |       |       |       |       |     2 ||     2
Evoke: Wand              |       |    12 |     6 |     9 |       |       ||    27
  Use: Scroll            |     3 |     6 |     3 |    11 |     9 |     7 ||    39
       Potion            |     2 |       |       |     3 |       |     2 ||     7
  Eat: Chunk             |       |     5 |    26 |    21 |    47 |    23 ||   122
       Ration            |       |     1 |     1 |       |       |     3 ||     5
Armor: Scale mail        |    38 |   101 |    85 |       |       |       ||   224
       Plate armour      |       |       |   131 |   552 |   640 |   164 ||  1487
       Chain mail        |       |       |       |       |       |   307 ||   307
Dodge: Dodged            |    25 |    59 |   114 |   241 |   383 |   296 ||  1118
Block: Shield            |    48 |   108 |   353 |   745 |    41 |       ||  1295
       Large shield      |       |       |       |       |  2117 |  1769 ||  3886
       Reflection        |       |       |       |       |     1 |    71 ||    72
       Rpst.: Long sword |     5 |    15 |    34 |    32 |       |       ||    86
       Falchion          |       |       |       |    22 |    81 |    40 ||   143
